 Dungeon Crawl Stone Soup version 0.25-a0-890-g62861fb195 (webtiles) character file.

Game seed: 7901625764811282650, levelgen mode: deterministic

120 grindst0ne the Skirmisher (level 5, 0/42 HPs)
             Began as a Human Wanderer on May 2, 2020.
             Slain by Grinder (1 damage)
             ... on level 3 of the Dungeon.
             The game lasted 00:06:52 (3597 turns).

grindst0ne the Skirmisher (Human Wanderer)          Turns: 3597, Time: 00:06:52

Health: 0/42       AC:  5    Str: 15    XL:     5   Next: 25%
Magic:  8/8        EV:  9    Int: 13    God:
Gold:   85         SH:  4    Dex: 10    Spells: 7/8 levels left

rFire    . . .     SeeInvis .   p - +0 hand axe
rCold    . . .     Gourm    .   q - +0 buckler
rNeg     . . .     Faith    .   s - +0 ring mail
rPois    .         Spirit   .   o - +0 hat
rElec    .         Reflect  .   (no cloak)
rCorr    .         Harm     .   (no gloves)
MR       .....                  (no boots)
Stlth    ..........             (no amulet)
HPRegen  0.14/turn              (no ring)
MPRegen  0.11/turn              (no ring)

@: no status effects
A: no striking features
a: no special abilities


You were on level 3 of the Dungeon.
You were hungry.

You visited 1 branch of the dungeon, and saw 3 of its levels.

You collected 85 gold pieces.

Inventory:

Hand Weapons
 p - a +0 hand axe (weapon)
Missiles
 r - a boomerang (quivered)
Armour
 o - a +0 hat (worn)
 q - a +0 buckler (worn)
 s - a +0 ring mail (worn)
 v - a +0 scale mail
Wands
 e - a wand of flame (29)
Scrolls
 a - a scroll of amnesia {unknown}
 b - 2 scrolls of fear {unknown}
 g - a scroll of remove curse {unknown}
 h - a scroll of enchant weapon {unknown}
 i - a scroll of random uselessness {unknown}
 j - a scroll of blinking {unknown}
 k - 3 scrolls of identify {unknown}
 n - a scroll of enchant armour {unknown}
Potions
 c - 3 potions of curing
 d - a potion of ambrosia {unknown}
 l - a potion of magic {unknown}
 m - a potion of heal wounds {unknown}
 u - a potion of haste {unknown}
Comestibles
 f - 5 rations
 t - 3 chunks of flesh


   Skills:
 + Level 4.2 Fighting
 + Level 0.5 Axes
 - Level 1.0 Armour
 + Level 2.0 Shields
 - Level 2.0 Spellcasting
   Level 1.0 Conjurations
 - Level 2.2 Ice Magic
 - Level 2.0 Evocations


You had 7 spell levels left.
You knew the following spells:

 Your Spells              Type           Power        Failure   Level  Hunger
a - Freeze                Ice            #...         26%         1    ##.....

Your spell library contained the following spells:

 Spells                   Type           Power        Failure   Level  Hunger
 Summon Small Mammal      Summ           #...         54%         1    ##.....
 Frozen Ramparts          Ice            #.....       61%         3    ####...
 Call Imp                 Summ           #.......     67%         2    ###....
 Call Canine Familiar     Summ           #.......     88%         3    ####...
 Summon Guardian Golem    Hex/Summ       #.......     88%         3    ####...
 Summon Ice Beast         Ice/Summ       #.......     99%         4    #####..
 Summon Lightning Spire   Summ/Air       #.......     99%         4    #####..


Dungeon Overview and Level Annotations

Branches:
Dungeon (3/15)

Altars:
Fedhas

Annotations:
D:3 Grinder


Message History

You feel sick. Grinder gestures at you. Pain shoots through your body!
* * * LOW HITPOINT WARNING * * *
Grinder barely misses you. Grinder hits you but does no damage.
Grinder barely misses you.
You can move again.
Evoke which item? (* to show all) (? for menu, Esc to quit)
Aiming: Throw Flame
Press: ? - help, Shift-Dir - straight line, f/p - Grinder
Aim: Grinder (moderately wounded)
The puff of flame hits Grinder.
Grinder is heavily wounded.
You feel sick.
You are no longer poisoned.
Grinder hits you.
* * * LOW HITPOINT WARNING * * *
You writhe in agony.
You die...

#.# #####.######
####.#
#........>.######.#
.....#
#.###.####.........
###########.# #.#
#.########
#######.....# #.# #.#
.##. ............# #.#
#.# ?...
..###.P.P.#####.####.#
..≈..
......._........@5...#
≈≈≈≈≈
..##..P.P.#########..#
..≈≈≈≈ ####......#
#..##...≈≈≈ # #....###
##.#....≈≈≈ # ######
#...⌠..≈.. #.........
#####.#### .. ##


You could see Grinder.

Vanquished Creatures
  Terence (D:2)
  3 adders
  2 oozes
  A worm (D:2)
  4 dart slugs
  3 leopard geckos (D:3)
  3 orcs
  A ball python (D:3)
  2 giant cockroaches
  2 goblins (D:2)
  8 hobgoblins
  A quokka (D:1)
  6 bats
  2 frilled lizards
  3 kobolds
  4 rats
46 creatures vanquished.

Notes
Turn   | Place    | Note
-------+----------+-------------------------------------------
     0 | D:1      | grindst0ne the Human Wanderer began the quest for the Orb.
     0 | D:1      | grindst0ne set off with the following items: a +0 club, a
                  | potion of curing, a +0 robe, a wand of flame (15), a
                  | ration; and the following spell memorised: Freeze; and the
                  | following spells available to memorise: Frozen Ramparts
     0 | D:1      | Reached XP level 1. HP: 16/16 MP: 3/3
   643 | D:1      | Reached XP level 2. HP: 21/23 MP: 0/5
   963 | D:1      | Reached skill level 3 in Fighting
  1272 | D:1      | Reached XP level 3. HP: 27/29 MP: 1/6
  1978 | D:2      | HP: 1/29 [worm (8)]
  2535 | D:2      | Reached XP level 4. HP: 32/37 MP: 1/7
  2537 | D:2      | Noticed Terence
  2712 | D:2      | Killed Terence
  2712 | D:2      | Reached skill level 4 in Fighting
  2712 | D:2      | Reached skill level 1 in Shields
  3186 | D:2      | Reached XP level 5. HP: 4/42 MP: 8/8
  3533 | D:3      | Found a blossoming altar of Fedhas.
  3574 | D:3      | Noticed Grinder
  3574 | D:3      | Paralysed by Grinder for 4 turns
  3591 | D:3      | Paralysed by Grinder for 6 turns
  3597 | D:3      | HP: 1/42 [Grinder (2)]
  3597 | D:3      | Slain by Grinder

Levels and vault maps discovered:
D:1:      dpeg_arrival_water_fire, layout_loops_corners
D:2:      layout_rooms, hangedman_decor_clover_reticule, dk_noncrumbling_4,
          minmay_misc_feat_diagonals, kennysheep_generic_room_15, uniq_terence
D:3:      layout_loops_ring, kiku_gazebo_pond_becter, nrook_mini_backslash,
          amethyst_killhole, minmay_misc_feat_roman, fedhas_altar_1, uniq_purgy,
          uniq_grinder, uniq_crazy_yiuf_cottage

Skill      XL: |  1  2  3  4  5 |
---------------+----------------+-----
Fighting       | 3 4 |  4.2
Shields        | 1 2 |  2.0
Axes           | |  0.5
Armour         | |  1.0
Spellcasting   | |  2.0
Conjurations   | |  1.0
Ice Magic      | |  2.2
Evocations     | |  2.0

Action                   |  1- 3 |  4- 6 || total
-------------------------+-------+-------++-------
Melee: Dagger            |    49 |     2 ||    51
       Club              |     2 |       ||     2
       Flail             |       |    62 ||    62
       Hand axe          |       |    45 ||    45
 Cast: Freeze            |    63 |     9 ||    72
Evoke: Wand              |       |     3 ||     3
  Use: Potion            |       |     1 ||     1
  Eat: Chunk             |     7 |     3 ||    10
Armor: Robe              |     6 |       ||     6
       Leather armour    |    16 |    13 ||    29
       Ring mail         |       |    83 ||    83
Dodge: Dodged            |    60 |    97 ||   157
Block: Buckler           |       |    32 ||    32

Table legend:
 A = Non-vault XP
 B = Vault XP
 C = Vault XP percentage of total XP
 D = Non-vault monster count
 E = Vault monster count
 F = Vault count percentage of total count
                 A         B        C        D         E       F
            +---------+---------+-------+---------+---------+-------
      Total |     140 |      32 |  18.6 |      45 |       1 |   2.2
            +---------+---------+-------+---------+---------+-------
        D:1 |      33 |       0 |   0.0 |      15 |       0 |   0.0
        D:2 |      72 |      32 |  30.8 |      21 |       1 |   4.5
        D:3 |      35 |       0 |   0.0 |       9 |       0 |   0.0
            +---------+---------+-------+---------+---------+-------
